[Event "Team 45 45 League T47"]
[Site "Internet Chess Club"]
[Date "2011.01.08"]
[Round "9"]
[White "Mclintock45"]
[Black "carolinaknight"]
[Result "0-1"]
[WhiteElo "1029"]
[BlackElo "1319"]
[Opening "French: advance variation"]
[ECO "C02"]
[Time "09:00:16"]
[TimeControl "2700+45"]

1. e4 e6 2. d4 d5 3. e5 c5 4. Nc3 Qb6 5. Nf3 Nc6 6. Na4 Qa5+ 7. Nc3 cxd4 8. Nxd4
Nxe5 9. Bb5+ Bd7 10. Be2 Bc5 11. Nb3 Qb6 12. Nxc5 Qxc5 13. O-O Nf6 14. Bf4 Nc4
15. b3 Na3 16. Bc1 Nb5 17. Bxb5 Bxb5 18. Nxb5 Qxb5 19. Ba3 O-O-O 20. c4 dxc4 21.
Qc1 Rd4 22. Be7 Nd5 23. Ba3 Rd8 24. Bb2 Re4 25. Re1 Rf4 26. bxc4 Rxc4 27. Qd1
Qxb2 28. Rb1 Qxa2 29. Rb5 Rd7 30. Qe2 Qxe2 31. Rxe2 Rc1+ 32. Re1 Rxe1# {White
checkmated} 0-1

[Event "Team 45 45 League T47"]
[Site "Internet Chess Club"]
[Date "2011.01.09"]
[Round "9"]
[White "akdog3"]
[Black "Paulkov"]
[Result "0-1"]
[WhiteElo "2162"]
[BlackElo "2285"]
[Opening "English opening"]
[ECO "A16"]
[Time "15:00:25"]
[TimeControl "2700+45"]

1. c4 Nf6 2. Nc3 g6 3. e4 d6 4. d4 c6 5. Be2 Bg7 6. f4 O-O 7. Nf3 Nbd7 8. e5 Ng4
9. h3 Nh6 10. g4 a6 11. Be3 b5 12. Qd2 Nb6 13. b3 f5 14. g5 Nf7 15. a4 b4 16.
Na2 a5 17. Rd1 Qc7 18. c5 Nd5 19. Bc4 Be6 20. h4 dxc5 21. dxc5 Nxe3 22. Bxe6
Nxd1 23. Qxd1 Rfd8 24. Qc2 Kf8 25. h5 Nxe5 26. fxe5 Bxe5 27. hxg6 hxg6 28. Rh7
Bg7 29. Qh2 Qxh2 30. Rxh2 Rd3 31. Ke2 Rad8 32. Rh1 f4 33. Re1 Re3+ 34. Kf2 Rxe1
35. Kxe1 Rd3 36. Kf2 Ke8 37. Nc1 Re3 38. Bc4 e5 39. Ne2 Bf8 40. Nh4 Bxc5 41. Kf1
Rh3 {White resigns} 0-1

[Event "Team 45 45 League T47"]
[Site "Internet Chess Club"]
[Date "2011.01.09"]
[Round "9"]
[White "MaartenKoning"]
[Black "vnchess"]
[Result "0-1"]
[WhiteElo "2238"]
[BlackElo "2215"]
[Opening "Sicilian: accelerated fianchetto, Gurgenidze variation"]
[ECO "B36"]
[Time "14:02:25"]
[TimeControl "2700+45"]

1. e4 c5 2. Nf3 g6 3. d4 cxd4 4. Nxd4 Nc6 5. c4 Nf6 6. Nc3 Nxd4 7. Qxd4 d6 8.
Bg5 Bg7 9. Qd2 O-O 10. Bd3 a5 11. O-O a4 12. Rac1 Be6 13. Qc2 Qd7 14. Nd5 Bxd5
15. cxd5 a3 16. b4 Qg4 17. Be3 Nh5 18. f3 Qd7 19. Qc7 Qa4 20. g4 Nf6 21. Qxe7
Nxd5 22. exd5 Rae8 23. Qg5 Qxb4 24. Qf4 Qa5 25. Bc4 f5 26. g5 Be5 27. Qh4 Bb2
28. Rce1 Rxe3 29. Rxe3 Qc5 30. Kg2 Qxe3 31. Re1 Qd4 32. Qxd4 Bxd4 33. Re7 Rf7
34. Rxf7 Kxf7 35. Kg3 Be5+ 36. f4 Bc3 37. Kf3 Bb2 38. Ke3 Bc1+ 39. Kf3 Ke7 40.
h4 Kd8 41. h5 Ke7 42. Bb5 Bd2 43. h6 Kd8 44. Ba4 Bc3 45. Ke3 Kc7 46. Be8 Kd8 47.
Bf7 Ke7 48. Bg8 Kf8 49. Bxh7 Kf7 50. Kd3 Bb2 51. Kd2 b5 52. Kc2 b4 53. Kb1 Bd4
54. Kc2 Be3 55. Kb3 Bxf4 56. Kxb4 Bxg5 57. Kxa3 Bxh6 58. Kb3 Kg7 {White resigns}
0-1

[Event "Team 45 45 League T47"]
[Site "Internet Chess Club"]
[Date "2011.01.09"]
[Round "9"]
[White "SlimeDog2"]
[Black "Campagnolo"]
[Result "1/2-1/2"]
[WhiteElo "2073"]
[BlackElo "2078"]
[Opening "QGD Slav: exchange variation"]
[ECO "D13"]
[Time "21:02:30"]
[TimeControl "2700+45"]

1. d4 d5 2. c4 c6 3. cxd5 cxd5 4. Nf3 Nf6 5. Bf4 Nc6 6. e3 Bf5 7. Bd3 Bxd3 8.
Qxd3 e6 9. O-O Bd6 10. Bxd6 Qxd6 11. Nc3 O-O 12. Rac1 Rac8 {Game drawn by mutual
agreement} 1/2-1/2

[Event "Team 45 45 League T47"]
[Site "Internet Chess Club"]
[Date "2011.01.09"]
[Round "9"]
[White "AreYouSerious"]
[Black "Matusalen"]
[Result "1/2-1/2"]
[WhiteElo "2069"]
[BlackElo "2134"]
[Opening "Réti opening"]
[ECO "A06"]
[Time "17:06:33"]
[TimeControl "2700+45"]

1. Nf3 d5 2. e3 Nf6 3. b3 c6 4. Bb2 Bg4 5. d3 Nbd7 6. Be2 e6 7. Nbd2 Bd6 8. O-O
O-O 9. c4 Bxf3 10. Bxf3 Re8 11. Qc2 Rc8 12. a3 Qc7 13. h3 Qb8 14. Rac1 c5 15.
Rfe1 b6 16. Bc3 a5 17. g3 Rcd8 18. Bg2 h6 19. Qb2 Ne5 20. Qc2 Ned7 21. Ba1 Rc8
22. Nb1 Be5 23. Nc3 d4 24. exd4 Bxd4 25. Nb5 Bxa1 26. Rxa1 Nf8 27. Rad1 e5 28.
Qe2 Ng6 29. Qe3 Nf8 30. Qf3 Ne6 31. h4 Nd4 32. Nxd4 exd4 33. Bh3 Rcd8 34. Qc6
Qd6 35. Qxd6 Rxd6 36. Rxe8+ Nxe8 37. Re1 Kf8 38. Kg2 Nf6 39. Kf3 Rd8 40. Re5 Re8
41. Rxe8+ Kxe8 42. Bf5 Ke7 43. Be4 Kd6 44. Bf5 Ke5 45. Bg4 h5 46. Bh3 g6 47. Bf1
Ne8 48. Bh3 Nf6 49. Bf1 Ne8 50. Bh3 Nf6 {Game drawn by repetition} 1/2-1/2

[Event "Team 45 45 League T47"]
[Site "Internet Chess Club"]
[Date "2011.01.11"]
[Round "9"]
[White "OOB1"]
[Black "crazyhorses"]
[Result "1/2-1/2"]
[WhiteElo "1537"]
[BlackElo "1521"]
[Opening "Sicilian"]
[ECO "B56"]
[Time "17:15:51"]
[TimeControl "2700+45"]

1. e4 c5 2. Nf3 d6 3. Nc3 Nc6 4. d4 cxd4 5. Nxd4 Nf6 6. h3 g6 7. Be3 Bg7 8. Bc4
O-O 9. Qd2 a6 10. a3 Bd7 11. f4 Rc8 12. Ba2 Qc7 13. O-O Nh5 14. Rf3 Nxd4 15.
Bxd4 Bc6 16. f5 Nf6 17. fxg6 hxg6 18. Raf1 e5 19. Be3 Nxe4 20. Nxe4 Bxe4 21.
Rxf7 Rxf7 22. Rxf7 Qxf7 23. Bxf7+ Kxf7 24. c3 d5 25. Qf2+ Ke6 26. Bc5 d4 27.
cxd4 exd4 28. Bxd4 Rc1+ 29. Kh2 Rc2 30. Qxc2 Bxc2 31. Bxg7 Kf5 32. Kg3 Ke4 33.
Kf2 Kd3 34. h4 Ke4 35. g3 Bd1 36. Bc3 b5 37. Ke1 Bg4 38. Kf2 Kd3 39. Bb4 Kc2 40.
Bc3 a5 41. Bxa5 Kxb2 42. Bb4 Kb3 43. Ke3 Kc4 44. Kf4 Bf5 45. g4 Bc2 46. h5 gxh5
47. gxh5 Kd5 48. Kg5 Ke6 49. Bc3 Bd3 50. h6 Bh7 51. Bg7 Kd5 52. Kf6 Kc4 53. Bf8
Kd5 54. Kg7 Bc2 55. h7 Bxh7 56. Kxh7 Kc6 57. Kg6 Kd5 58. Kf5 Kc6 59. Ke5 Kb6 60.
Kd4 Kb7 61. Bb4 Kb6 62. Kd5 Kb7 63. Kc5 Ka8 64. Kxb5 Kb8 65. Ka6 Ka8 66. Kb6 Kb8
67. a4 Ka8 68. a5 Kb8 69. Ka6 Ka8 70. Bc5 Kb8 71. Bb6 Ka8 72. Kb5 Kb8 73. a6 Ka8
74. Kc6 Kb8 {Game drawn by mutual agreement} 1/2-1/2

[Event "Team 45 45 League T47"]
[Site "Internet Chess Club"]
[Date "2011.01.07"]
[Round "9"]
[White "mongmong"]
[Black "BaumDeezy"]
[Result "0-1"]
[WhiteElo "1565"]
[BlackElo "1468"]
[Opening "Queen's pawn game"]
[ECO "D04"]
[Time "19:08:36"]
[TimeControl "2700+45"]

1. d4 Nf6 2. Nf3 d5 3. e3 c5 4. c3 Nc6 5. Bd3 Bg4 6. Nbd2 e6 7. O-O Bd6 8. dxc5
Bxc5 9. h3 Bh5 10. Be2 Qc7 11. Nd4 Bxe2 12. Qxe2 a6 13. Nxc6 bxc6 14. e4 Bd6 15.
Re1 Nd7 16. Nf3 Bf4 17. Rd1 Bxc1 18. Raxc1 O-O 19. c4 Qa5 20. exd5 cxd5 21. cxd5
exd5 22. b3 Rfe8 23. Qd2 Qxd2 24. Rxd2 Nf6 25. Kf1 Kf8 26. Rc7 Re7 27. Rdc2 Rae8
28. Rc8 Rxc8 29. Rxc8+ Re8 30. Rxe8+ Kxe8 31. Ke2 Ke7 32. Nd4 g6 33. f3 Kd6 34.
Kd3 Nd7 35. b4 Nb6 36. g3 Nc4 37. f4 a5 38. bxa5 Nxa5 39. Nb3 Nc6 40. a4 Kc7 41.
Nd4 Na5 42. Kc3 Kb6 43. Nb3 Nc6 44. Kd3 Kc7 45. a5 Kb7 46. Nd4 Nxa5 47. Nb5 Kc6
48. Na7+ Kc5 49. Nc8 Nc6 50. g4 d4 51. h4 Nb4+ 52. Kd2 Kd5 53. f5 Nc6 54. fxg6
fxg6 55. h5 Ke4 56. hxg6 hxg6 57. Nd6+ Kf4 58. Kd3 Kxg4 59. Ke4 g5 60. Kd5 Ne7+
61. Ke4 Kh3 62. Kxd4 g4 63. Ke3 Nd5+ 64. Kf2 g3+ 65. Kg1 Nf4 66. Nc8 g2 67. Nd6
Ne2+ 68. Kf2 g1=Q+ 69. Kxe2 Qh2+ {White resigns} 0-1

[Event "Team 45 45 League T47"]
[Site "Internet Chess Club"]
[Date "2011.01.10"]
[Round "9"]
[White "Visin"]
[Black "Conjurer"]
[Result "0-1"]
[WhiteElo "1254"]
[BlackElo "1149"]
[Opening "Sicilian: dragon variation"]
[ECO "B70"]
[Time "14:10:02"]
[TimeControl "2700+45"]

1. e4 c5 2. Nf3 d6 3. d4 cxd4 4. Nxd4 Nf6 5. Nc3 g6 6. Bd2 Bg7 7. Nf3 Nbd7 8.
Bb5 a6 9. Bxd7+ Bxd7 10. O-O O-O 11. h3 Rc8 12. Qc1 e6 13. Bh6 Bc6 14. Bxg7 Kxg7
15. Re1 h6 16. Qf4 e5 17. Qd2 Qe7 18. Rad1 Rfd8 19. Nh2 b5 20. Ng4 Qe6 21. Qxh6+
Kg8 22. Nxf6+ Qxf6 23. Nd5 Bxd5 24. exd5 Rxc2 25. Rd2 Rdc8 26. Rxc2 Rxc2 27. Re2
Rxe2 28. f3 Qf4 29. Qxf4 exf4 30. Kf1 Rxb2 {White resigns} 0-1

[Event "Team 45 45 League T47"]
[Site "Internet Chess Club"]
[Date "2011.01.09"]
[Round "9"]
[White "seattleblues"]
[Black "katabatico"]
[Result "0-1"]
[WhiteElo "1269"]
[BlackElo "1385"]
[Opening "Ruy Lopez: Anderssen variation"]
[ECO "C77"]
[Time "15:00:11"]
[TimeControl "2700+45"]

1. e4 e5 2. Nf3 Nc6 3. Bb5 a6 4. Ba4 Nf6 5. d3 Be7 6. O-O b5 7. Bb3 O-O 8. Re1
d6 9. h3 Re8 10. c3 h6 11. Nbd2 Na5 12. Bc2 c5 13. Nf1 Nc6 14. a4 b4 15. d4 Qc7
16. d5 Na5 17. cxb4 cxb4 18. b3 Nb7 19. Ne3 a5 20. Nc4 Nc5 21. Bb1 Ba6 22. Qc2
Nfxe4 23. Rxe4 Bc8 24. Re1 Bf6 25. Nh2 e4 26. Re3 Bxa1 27. Rg3 Kh8 28. Bf4 Nb7
29. Bc1 f5 30. Bb2 Bxb2 31. Qxb2 Rg8 32. Re3 Nc5 33. Nf1 Bb7 34. Qd2 Nxb3 35.
Rxb3 Qxc4 36. Rb2 Rac8 37. Rc2 Qxd5 38. Ne3 Qxd2 39. Rxd2 Rc1+ 40. Rd1 Rxd1+ 41.
Nxd1 Rc8 {White resigns} 0-1